 Dungeon Crawl Stone Soup version 0.17-a0-227-gf5308cc (webtiles) character file.

2685 Ngotmuk the Covered (level 9, 0/75 HPs)
             Began as a Demigod Fighter on Mar 29, 2015.
             Engulfed by Pikaro's ghost's noxious fumes (2 damage)
             ... on level 8 of the Dungeon.
             The game lasted 00:27:12 (6403 turns).

Ngotmuk the Covered (Demigod Fighter)               Turns: 6403, Time: 00:27:12

Health: 0/75       AC: 24    Str: 30    XL:     9   Next: 15%
Magic:  15/15      EV: 14    Int: 12    God:
Gold:   412        SH:  5    Dex: 12    Spells: 0 memorised, 8 levels left

rFire  + . .     SeeInvis .     E - +0 scimitar (protect)
rCold  . . .     Clarity  .     i - +7 chain mail of Pamunuxi {MR- Str+5}
rNeg   . . .     SustAb   +     z - +0 buckler of Dostarud {+Blink rF+ Dex-3}
rPois  .         Gourm    .     (no helmet)
rElec  .         Spirit   .     (no cloak)
rCorr  .         Warding  .     A - +0 pair of gloves
rMut   .         Stasis   .     g - +0 pair of boots
MR     .....                    r - amulet of regeneration
Stlth  ..........               w - ring of stealth
                                b - +3 ring of evasion

@: lethally poisoned (0 -> -2), not resistant to hostile enchantments, extremely
unstealthy
A: sustain abilities
a: Evoke Blink


You were on level 8 of the Dungeon.
You were not hungry.

You visited 1 branch of the dungeon, and saw 8 of its levels.

You collected 412 gold pieces.

Inventory:

Hand weapons
 E - a +0 scimitar of protection (weapon)
Armour
 g - a +0 pair of boots (worn)
 i - the +7 chain mail of Pamunuxi (worn) {MR- Str+5}
   (You found it on level 7 of the Dungeon)

   It affects your strength (+5).
   It affects your resistance to hostile enchantments.
 z - the +0 buckler of Dostarud (worn) {+Blink rF+ Dex-3}
   (You found it on level 4 of the Dungeon)

   It affects your dexterity (-3).
   It protects you from fire.
   It lets you blink.
 A - a +0 pair of gloves (worn)
Jewellery
 b - a +3 ring of evasion (left hand)
 r - an amulet of regeneration (around neck)
 w - a ring of stealth (right hand)
 y - an uncursed amulet of warding
Magical devices
 q - a wand of invisibility (2)
 t - a wand of disintegration (4)
Scrolls
 f - 2 scrolls of teleportation {unknown}
 h - 2 scrolls of fear {unknown}
 l - 5 scrolls of identify {unknown}
 n - 3 scrolls of random uselessness {unknown}
 p - a scroll of recharging {unknown}
 s - a scroll of remove curse
 v - a scroll of amnesia
 C - 3 scrolls of noise {unknown}
 D - a scroll of blinking {unknown}
 F - a scroll of fog {unknown}
 G - 2 scrolls of enchant weapon {unknown}
 L - a scroll of summoning {unknown}
Potions
 a - a potion of poison {unknown}
 c - 5 potions of curing {unknown}
 e - 2 potions of might
 j - 2 potions of haste {unknown}
 m - a potion of resistance {unknown}
 o - a potion of brilliance {unknown}
 u - 2 potions of heal wounds {unknown}
 x - 2 potions of mutation {unknown}
 B - a potion of agility {unknown}
 I - a potion of cancellation {unknown}
 K - a potion of restore abilities {unknown}
Comestibles
 d - 9 bread rations
 k - 5 beef jerkies
 H - 8 slices of pizza
 J - a meat ration


   Skills:
 + Level 5.9 Fighting
 + Level 5.8 Long Blades
 + Level 6.0 Armour
 + Level 4.9 Dodging
 + Level 5.5 Shields


You had 8 spell levels left.
You didn't know any spells.

Dungeon Overview and Level Annotations

Branches:
Dungeon (8/15)             Temple (0/1) D:5
   Lair: D:8-11

Shops:
D:6 *

Annotations:
D:6 Pikaro's ghost, experienced OpAs
D:8 Pikaro's ghost, experienced SpVM


Innate Abilities, Weirdness & Mutations

Your attributes are resistant to harm.


Message History

You are more poisoned.
You feel sick.
You feel sick.
Pikaro's ghost gestures at you while chanting.
The ball explodes into a vile cloud!
The stinking cloud engulfs you!
You feel sick.
You feel sick. Pikaro's ghost hits you.
* * * LOW HITPOINT WARNING * * *
There is an open door here.
You feel sick. Pikaro's ghost casts a spell at you. The sting hits you!
You are lethally poisoned!
* * * LOW HITPOINT WARNING * * *
You feel sick.
Pikaro's ghost points at you and mumbles some strange words.
The ball explodes into a vile cloud!
The stinking cloud engulfs you!
You are engulfed in noxious fumes.
You die...

#### ############ ...#
#..........# ...#####
#..........# .......#
#..........# ##.....#
#..........# #.....#
#..........# #.....#
#..........#
##.).).######.§§§......####
.#...§.##..5'W§§@......(..#
.#....§##.###.§§§......##.#
.#...5.##§# #......)...##.####
.#.....##.###############....#
........5.....# ####..##
.############## #......#
.(.... #.##.#.### ..### #
#.#.#.. ..... #.#.#.#


You could see Pikaro's ghost and a crimson imp.

Vanquished Creatures
  A human (D:7)
  A hog (D:7)
  A hungry ghost (D:7)
  An ice beast (D:5)
  4 ogres
  An orc warrior (D:7)
  4 phantoms
  2 centaurs (D:8)
  A sky beast (D:6)
  Duvessa (D:6)
  A scorpion (D:4)
  9 wights
  Dowan (D:6)
  3 crimson imps
  A jelly (D:5)
  An orc priest (D:7)
  3 orc wizards
  A killer bee zombie (D:7)
  6 worker ants
  3 sheep (D:7)
  Ijyb (D:6)
  A hound skeleton (D:6)
  8 gnolls
  10 adders
  A giant mite (D:8)
  3 giant geckos
  17 orcs
  16 bats
  A bat skeleton (D:4)
  A giant cockroach (D:2)
  8 goblins
  19 hobgoblins
  8 kobolds
  3 quokkas
  2 ball pythons
  2 giant newts (D:4)
  17 rats
  4 ballistomycetes (D:8)
168 creatures vanquished.

Vanquished Creatures (others)
  An orc priest (D:8)
  An orc (D:8)
  A giant spore (D:8)
3 creatures vanquished.

Grand Total: 171 creatures vanquished

Notes
Turn   | Place    | Note
--------------------------------------------------------------
     0 | D:1      | Ngotmuk, the Demigod Fighter, began the quest for the Orb.
     0 | D:1      | Reached XP level 1. HP: 18/18 MP: 2/2
   429 | D:1      | Reached skill level 3 in Fighting
   478 | D:1      | Reached XP level 2. HP: 26/26 MP: 3/3
  1621 | D:2      | Reached XP level 3. HP: 28/31 MP: 5/5
  1815 | D:3      | Reached skill level 1 in Dodging
  1943 | D:3      | Found a shadowy altar of Dithmenos.
  2240 | D:3      | Reached XP level 4. HP: 20/38 MP: 7/7
  2821 | D:4      | Got an ichor-stained buckler
  2827 | D:4      | Identified the cursed +0 buckler of Dostarud {+Blink rF+ Dex-3} (You found it on level 4 of the Dungeon)
  2896 | D:4      | Found a basalt altar of Yredelemnul.
  3197 | D:4      | Reached XP level 5. HP: 37/45 MP: 8/8
  3528 | D:5      | Entered Level 5 of the Dungeon
  3593 | D:5      | Found a stormy altar of Qazlal.
  3620 | D:5      | Found a snail-covered altar of Cheibriados.
  3640 | D:5      | Noticed a phantom
  3669 | D:5      | Killed a phantom
  3712 | D:5      | Found a sacrificial altar of Ru.
  3731 | D:5      | Reached XP level 6. HP: 52/52 MP: 10/10
  3734 | D:5      | Noticed an ice beast
  3744 | D:5      | Killed an ice beast
  3772 | D:5      | Reached skill level 4 in Fighting
  3783 | D:5      | Noticed an ogre
  3846 | D:5      | Killed an ogre
  3846 | D:5      | Reached XP level 7. HP: 38/59 MP: 12/12
  3863 | D:5      | Found a staircase to the Ecumenical Temple.
  3907 | D:5      | Noticed a phantom
  4293 | D:6      | Noticed Duvessa
  4293 | D:6      | Noticed Dowan
  4308 | D:6      | Killed Duvessa
  4309 | D:6      | Found Neng's Needful Niceties.
  4320 | D:6      | Killed Dowan
  4370 | D:6      | Noticed Ijyb
  4400 | D:6      | Killed Ijyb
  4582 | D:5      | Killed a phantom
  4937 | D:6      | Noticed Pikaro's ghost (experienced OpAs)
  4980 | D:6      | Reached XP level 8. HP: 59/67 MP: 13/13
  4994 | D:6      | Reached skill level 5 in Armour
  5069 | D:7      | Reached skill level 5 in Fighting
  5177 | D:7      | Reached skill level 5 in Long Blades
  5272 | D:7      | Reached skill level 5 in Shields
  5287 | D:7      | Found a blossoming altar of Fedhas.
  5744 | D:7      | Got an ancient chain mail
  5760 | D:7      | Identified the +7 chain mail of Pamunuxi {MR- Str+5} (You found it on level 7 of the Dungeon)
  5815 | D:7      | Got a crystal quarterstaff
  6086 | D:8      | Reached XP level 9. HP: 73/75 MP: 15/15
  6301 | D:8      | Reached skill level 6 in Armour
  6335 | D:8      | Noticed Pikaro's ghost (experienced SpVM)
  6398 | D:8      | HP: 3/75 [poisoned by Pikaro's ghost (sting)]
  6403 | D:8      | Engulfed by Pikaro's ghost's noxious fumes

Action                   |  1- 3 |  4- 6 |  7- 9 || total
-------------------------+-------+-------+-------++-------
Melee: Long sword        |   167 |   163 |   170 ||   500
       Scimitar          |       |       |   422 ||   422
Evoke: Wand              |       |       |     1 ||     1
  Use: Scroll            |       |     2 |     1 ||     3
  Eat: Meat ration       |     1 |     1 |     3 ||     5
       Fruit             |       |     3 |       ||     3
